 Dungeon Crawl Stone Soup version bcrawl-1.21 (webtiles) character file.

Game seed: 5761338426675462986

168 Freyura the Skirmisher (level 5, -3/70 HPs)
             Began as a Minotaur Fighter on Feb 9, 2020.
             Was an Initiate of Elyvilon.
             Slain by a sky beast (6 damage)
             ... on level 4 of the Dungeon.
             The game lasted 00:06:55 (2493 turns).

Freyura the Skirmisher (Minotaur Fighter)           Turns: 2493, Time: 00:06:55

Health: -3/70      AC:  9    Str: 26    XL:     5   Next: 24%
Magic:  4/4        EV:  8    Int:  5    God:    Elyvilon [......]
Gold:   207        SH: 10    Dex: 10    Spells: 4/4 levels left

rFire    . . .     SeeInvis .   p - +0 morningstar
rCold    . . .     Gourm    .   c - +0 shield
rNeg     . . .     Faith    .   b - +0 scale mail
rPois    .         Spirit   .   (helmet restricted)
rElec    .         Reflect  .   k - +0 cloak
rCorr    .         Harm     .   i - +0 pair of gloves
MR       .....                  (no boots)
Stlth    ..........             (no amulet)
HPRegen  0.21/turn              o - ring of ice
MPRegen  0.09/turn              d - ring of fire

@: berserking, slow
A: retaliatory headbutt, horns 2
a: Renounce Religion


You were on level 4 of the Dungeon.
You worshipped Elyvilon.
Elyvilon was noncommittal.
You were very hungry.

You visited 1 branch of the dungeon, and saw 4 of its levels.

You collected 207 gold pieces.

Inventory:

Hand Weapons
 a - a +1 flail
 p - a +0 morningstar (weapon)
Armour
 b - a +0 scale mail (worn)
 c - a +0 shield (worn)
 i - a +0 pair of gloves (worn)
 k - a +0 cloak (worn)
Jewellery
 d - a ring of fire (right hand)
 o - a ring of ice (left hand)
 r - an uncursed amulet of rage
Scrolls
 g - a scroll of remove curse
 h - 3 scrolls of teleportation
 q - 2 scrolls of amnesia {unknown}
 s - a scroll of fear {unknown}
Potions
 f - a potion of curing
 l - a potion of cancellation {unknown}
 m - a potion of flight {unknown}
 t - a potion of mutation {unknown}
Comestibles
 e - 7 rations {!d}


   Skills:
 + Level 4.4 Fighting
 * Level 4.2 Maces & Flails
 + Level 4.3 Armour
 + Level 2.1 Dodging
 + Level 4.4 Shields


You had 4 spell levels left.
You didn't know any spells.
Your spell library was empty.

Dungeon Overview and Level Annotations

Branches:
Dungeon (4/12)
 Temple: D:4-7

Altars:
Elyvilon
Makhleb


Innate Abilities, Weirdness & Mutations

You reflexively headbutt those who attack you in melee.
You have a pair of horns on your head.


Message History

You closely miss something. Your headbutt misses something.
Something hits you but does no damage.
Your shield prevents you from hitting something.
Something hits you.
* * * LOW HITPOINT WARNING * * *
Something shocks you.
* * * LOW HITPOINT WARNING * * *
You block something's attack.
A red film seems to cover your vision as you go berserk!
You feel yourself moving faster!
You feel mighty! Something hits you but does no damage.
Your unstable footing causes you to fumble your attack.
Something hits you but does no damage.
Your unstable footing causes you to fumble your attack.
You block something's attack.
Your unstable footing causes you to fumble your attack.
Something hits you.
* * * LOW HITPOINT WARNING * * *
Something shocks you.
You die...

# . .# #.#
.?.### #......
#.#######.......
#......@{.#
#########.# ..#
.## .# .. .. .Y


There were no monsters in sight!

Vanquished Creatures
  The ghost of Quickbrownfox the Sneak, a weakling DsAc (D:3)
  Robin (D:2)
  2 adders (D:3)
  A hound simulacrum (D:3)
  3 oozes
  A dart slug (D:3)
  3 worms (D:2)
  4 adder simulacra (D:3)
  4 leopard geckos
  6 orcs
  4 bats
  5 giant cockroaches
  3 goblins
  5 hobgoblins
  A jackal (D:2)
  6 kobolds
  2 quokkas (D:2)
  3 frilled lizards (D:1)
  A quokka simulacrum (D:3)
  A rat (D:1)
57 creatures vanquished.

Notes
Turn   | Place    | Note
-------+----------+-------------------------------------------
     0 | D:1      | Freyura the Minotaur Fighter began the quest for the Orb.
     0 | D:1      | Reached XP level 1. HP: 19/19 MP: 0/0
   280 | D:1      | Reached XP level 2. HP: 27/27 MP: 1/1
   764 | D:2      | Reached skill level 1 in Dodging
   953 | D:2      | Reached XP level 3. HP: 31/33 MP: 2/2
  1167 | D:2      | Noticed Robin
  1175 | D:2      | Killed Robin
  1515 | D:2      | Reached XP level 4. HP: 37/40 MP: 3/3
  1519 | D:2      | Found a white marble altar of Elyvilon.
  1530 | D:2      | Became a worshipper of Elyvilon the Healer
  1789 | D:3      | Found a burning altar of Makhleb.
  1921 | D:3      | Found a runed translucent gate.
  1921 | D:3      | Found a runed translucent gate.
  1921 | D:3      | Found a runed translucent gate.
  1966 | D:3      | Noticed Quickbrownfox's ghost (weakling DsAc)
  2307 | D:3      | Killed Quickbrownfox's ghost
  2307 | D:3      | Reached XP level 5. HP: 35/47 MP: 4/4
  2471 | D:4      | Noticed a sky beast
  2493 | D:4      | HP: 3/70 [something (4)]
  2493 | D:4      | Slain by a sky beast

Skill      XL: |  1  2  3  4 |
---------------+-------------+-----
Maces & Flails | 3 4 |  4.2
Dodging        | 1 2 |  2.1
Fighting       | 4 |  4.4
Shields        | 4 |  4.4
Armour         | 4 |  4.3

Action                   |  1- 3 |  4- 6 || total
-------------------------+-------+-------++-------
Melee: Flail             |    87 |    18 ||   105
       Headbutt          |    14 |     7 ||    21
       Morningstar       |       |    61 ||    61
  Use: Scroll            |       |     6 ||     6
       Potion            |       |     2 ||     2
  Eat: Chunk             |     2 |     2 ||     4
Armor: Scale mail        |    40 |    24 ||    64
Dodge: Dodged            |    25 |    25 ||    50
Block: Shield            |    44 |    40 ||    84
